AoeStats
← Sparten gio

Highland

503999018Analyzed
2v2 RM · 29d ago on Sep 3, 2026· 48m 47s· 4 players
Game mode
Random Map
Map size
Medium (4 player)
Population
200
Speed
Normal
Resources
Standard
Victory
Conquest
Starting age
Dark Age
Ending age
Imperial Age
RankedLock teamsTeams togetherTeam positionsShared explorationLock speedFull tech treeHidden civsTurbo modeCheats
Victory
Defeat
🇹🇼 Franks · Taiwan
853
+17
🇰🇷 Spanish · South Korea
844
+17
🇺🇸 Tatars · United States
878
-17
🇪🇸 Britons · Spain
868
-17
judy311339
12:29 Feudal Age
14:59 Loom
17:29 Castle Age
19:16 Wheelbarrow
23:17 Medium Warships
26:20 Gold Mining
26:25 Stone Mining
27:19 Double-Bit Axe
27:41 Husbandry
29:03 Hand Cart
34:17 Imperial Age
32:14 Bow Saw
32:32 Town Watch
33:02 Scale Barding Armor
34:06 Chain Barding Armor
33:57 Forging
35:32 Cavalier
37:47 Town Patrol
39:40 Plate Barding Armor
39:42 Iron Casting
39:19 Paladin
42:08 Heavy Warships
changlee8
0:43 Loom
15:29 Feudal Age
16:06 Double-Bit Axe
16:02 Horse Collar
16:09 Town Watch
16:17 Gold Mining
17:36 Stone Mining
22:30 Castle Age
22:18 Wheelbarrow
24:03 Bow Saw
23:23 Demolition Ship
24:11 Town Patrol
25:14 Heavy Plow
31:01 Imperial Age
29:21 Medium Warships
29:18 Fletching
29:29 Padded Archer Armor
30:49 Bodkin Arrow
32:03 Stone Shaft Mining
32:43 Chemistry
32:59 Hand Cart
33:03 Leather Archer Armor
33:56 Heavy Demolition Ship
35:03 Bracer
36:37 Two-Man Saw
36:29 Murder Holes
36:46 Forging
37:07 Ring Archer Armor
39:19 Ballistics
39:10 Masonry
39:12 Fortified Wall
39:39 Iron Casting
39:04 Scale Mail Armor
39:09 Scale Barding Armor
38:40 Elite Cannon Galleon
42:02 Heavy Warships
42:53 Blast Furnace
42:08 Chain Mail Armor
42:13 Chain Barding Armor
42:55 Elite Skirmisher
45:59 Inquisition
45:26 Elite Conquistador
46:44 Hoardings
46:58 Plate Mail Armor
47:04 Plate Barding Armor
Sparten gio
8:24 Loom
10:22 Feudal Age
11:14 Double-Bit Axe
12:08 Horse Collar
18:28 Castle Age
23:22 Bow Saw
25:56 Heavy Plow
28:49 Caravan
28:58 Caravan
34:38 Imperial Age
31:56 Town Watch
33:30 Fletching
33:51 Forging
33:48 Scale Barding Armor
33:44 Padded Archer Armor
34:46 Silk Armor
35:52 Conscription
36:18 Bodkin Arrow
36:59 Iron Casting
36:45 Chain Barding Armor
38:06 Chemistry
37:28 Ballistics
39:14 Husbandry
39:26 Bloodlines
39:38 Timurid Siegecraft
39:55 Heavy Cavalry Archer
43:24 Blast Furnace
46:00 Plate Barding Armor
45:26 Bracer
45:42 Leather Archer Armor
Kikips93
10:06 Feudal Age
10:33 Double-Bit Axe
19:35 Wheelbarrow
23:42 Castle Age
21:50 Horse Collar
23:41 Gold Mining
23:42 Stone Mining
25:28 Crossbowman
26:01 Fletching
28:47 Bow Saw
31:04 Hand Cart
36:13 Imperial Age
35:23 Gold Shaft Mining
35:28 Bodkin Arrow
39:18 Arbalester
41:08 Chemistry
40:29 Ballistics
40:33 Conscription
40:34 Yeomen
39:35 Elite Longbowman
39:55 Pikeman
41:12 Halberdier
41:53 Squires
41:38 Gambesons
41:39 Arson
45:45 Caravan
47:27 Two-Man Saw
46:46 Bracer
46:47 Padded Archer Armor
46:57 Forging
46:48 Scale Mail Armor
Connection lost

Rejoining the realm…

Still unreachable

The connection could not be restored.

Session expired

The server has moved on; the page needs a fresh start.